 Dungeon Crawl Stone Soup version 0.28.0-43-g3370ac3207 (webtiles) character file.

Game seed: 5952446876588923662

72 Ablot the Grasshopper (level 4, -5/38 HPs)
             Began as a Gnoll Warper on Mar 14, 2022.
             Slain by Natasha (7 damage)
             ... on level 3 of the Dungeon.
             The game lasted 00:01:52 (1907 turns).

Ablot the Grasshopper (Gnoll Warper)                Turns: 1907, Time: 00:01:53

Health: -5/38      AC:  3    Str: 13    XL:     4   Next: 25%
Magic:  11/11      EV: 12    Int: 12    God:
Gold:   108        SH:  0    Dex: 11    Spells: 11/13 levels left

rFire   . . .      SeeInvis .   a - +0 spear
rCold   . . .      Faith    .   (no shield)
rNeg    . . .      Spirit   .   b - +0 leather armour
rPois   .          Reflect  .   (no helmet)
rElec   .          Harm     .   (no cloak)
rCorr   .          Rampage  .   (no gloves)
Will    .....                   (no boots)
Stlth   +.........              (no amulet)
HPRegen 0.12/turn               (no ring)
MPRegen 0.12/turn               (no ring)

@: slowed, very slow
A: fangs 1, strong nose, distributed training
a: no special abilities


You were on level 3 of the Dungeon.
You visited 1 branch of the dungeon, and saw 3 of its levels.

You collected 108 gold pieces.

Inventory:

Hand Weapons
 a - a +0 spear (weapon)
 j - a +0 dagger of flaming
Missiles
 d - 5 boomerangs of dispersal (quivered)
 g - 28 sling bullets
 h - 66 stones
 l - 20 arrows
 m - 14 bolts
Armour
 b - a +0 leather armour (worn)
Scrolls
 c - a scroll of blinking
 f - a scroll of teleportation {unknown}
Potions
 e - a potion of magic {unknown}
 i - 2 potions of degeneration {unknown}
 k - a potion of might {unknown}


   Skills:
 + Level 4.6 Fighting
 + Level 1.1 Short Blades
 + Level 1.1 Long Blades
 + Level 1.1 Axes
 + Level 1.1 Maces & Flails
 + Level 4.6 Polearms
 + Level 1.1 Staves
 + Level 1.1 Slings
 + Level 1.1 Bows
 + Level 1.1 Crossbows
 + Level 2.7 Throwing
 + Level 2.7 Armour
 + Level 4.6 Dodging
 + Level 1.1 Stealth
 + Level 1.1 Shields
 + Level 1.1 Unarmed Combat
 + Level 5.0 Spellcasting
 + Level 0.8 Conjurations
 + Level 0.8 Hexes
 + Level 0.8 Summonings
 + Level 0.8 Necromancy
 + Level 5.4 Translocations
 + Level 0.8 Transmutations
 + Level 0.8 Fire Magic
 + Level 0.8 Ice Magic
 + Level 0.8 Air Magic
 + Level 0.8 Earth Magic
 + Level 0.8 Poison Magic
 + Level 1.2 Invocations
 + Level 1.1 Evocations


You had 11 spell levels left.
You knew the following spells:

 Your Spells              Type           Power      Damage    Failure   Level
a - Blink                 Tloc           32%        N/A       4%          2

Your spell library contained the following spells:

 Spells                   Type           Power      Damage    Failure   Level
 Gell's Gravitas          Tloc           16%        N/A       8%          3
 Lesser Beckoning         Tloc           16%        N/A       8%          3
 Teleport Other           Tloc           16%        N/A       8%          3
 Foxfire                  Conj/Fire      20%        2x1d5     19%         1
 Scorch                   Fire           10%        2d5       26%         2
 Conjure Flame            Conj/Fire      5%         6-21      47%         3
 Ignite Poison            Fire/Tmut/Pois 5%         N/A       47%         3
 Inner Flame              Hex/Fire       5%         N/A       47%         3
 Manifold Assault         Tloc           16%        N/A       58%         5
 Flame Wave               Conj/Fire      5%         2d5       87%         4
 Olgreb's Toxic Radiance  Pois           5%         N/A       87%         4
 Sticky Flame             Conj/Fire      5%         2d3       87%         4
 Summon Cactus Giant      Summ           2%         N/A       100%        6
 Ozocubu's Refrigeration  Ice            2%         4d5       100%        7
 Ignition                 Fire           2%         3d3       100%        8


Dungeon Overview and Level Annotations

Branches:
Dungeon (3/15)

Altars:

Annotations:
D:3 Natasha


Innate Abilities, Weirdness & Mutations

You have very sharp teeth.
Your uncanny sense of smell can sniff out nearby items.
Your experience applies equally to all skills.


Message History

Natasha is heavily wounded.
Natasha casts a spell at you.
You feel yourself slow down. The white imp hits you. The white imp freezes you.
You closely miss Natasha.
Natasha is heavily wounded.
Natasha stares at you and mumbles some strange words.
The magic dart hits you! The white imp gestures at you.
The puff of frost hits you!
You barely miss Natasha.
Natasha is heavily wounded.
Natasha barely misses you. The white imp closely misses you. Natasha claws you.
The white imp spits at you.
The white imp hits you but does no damage.
You hit Natasha.
Natasha is heavily wounded.
Natasha mumbles some strange words.
You feel disoriented.
Natasha casts a spell.
The white imp gestures at you. The puff of frost hits you!
* * * LOW HITPOINT WARNING * * *
You hit Natasha.
Natasha is severely wounded.
Natasha barely misses you. The white imp barely misses you.
You hit Natasha. You bite Natasha.
Natasha is almost dead.
Natasha howls an incantation.
Natasha's front paws start to glow.
Natasha barely misses you. The white imp gestures at you.
The puff of frost hits you.
* * * LOW HITPOINT WARNING * * *
The shadow imp closely misses you.
Natasha casts a spell.
You hit Natasha.
Natasha is almost dead.
The white imp barely misses you. The shadow imp hits you.
* * * LOW HITPOINT WARNING * * *
Natasha claws you!
You die...

### ####.##### #........##
#...^.....### #............
#...55h...# #....@..5#
####.##### ###.### ∆
#.....### #.###.#.# ##+##
#.# .... ##...##
#.###.#.###.....##
#.....#.##.......##
########...##.#.........###


You could see Natasha, 2 white imps and a shadow imp (summoned).

Vanquished Creatures
  An adder (D:2)
  A worm (D:2)
  2 dart slugs
  10 ball pythons
  12 endoplasms
  5 giant cockroaches (D:2)
  2 goblins (D:1)
  2 hobgoblins
  6 jackals
  A quokka (D:2)
  A bat (D:2)
  A kobold (D:1)
  2 rats
46 creatures vanquished.

Notes
Turn   | Place    | Note
-------+----------+-------------------------------------------
     0 | D:1      | Ablot the Gnoll Warper began the quest for the Orb.
     0 | D:1      | Reached XP level 1. HP: 20/20 MP: 6/6
   120 | D:1      | Found a faded altar of an unknown god.
   279 | D:1      | Reached XP level 2. HP: 25/26 MP: 7/7
   282 | D:1      | Learned a level 2 spell: Blink
   697 | D:2      | Reached XP level 3. HP: 28/31 MP: 9/9
   790 | D:2      | Reached skill level 5 in Spellcasting
   999 | D:2      | Reached skill level 1 in Invocations
  1195 | D:2      | Reached skill level 1 in Short Blades
  1195 | D:2      | Reached skill level 1 in Long Blades
  1195 | D:2      | Reached skill level 1 in Axes
  1195 | D:2      | Reached skill level 1 in Maces & Flails
  1195 | D:2      | Reached skill level 1 in Staves
  1195 | D:2      | Reached skill level 1 in Slings
  1195 | D:2      | Reached skill level 1 in Bows
  1195 | D:2      | Reached skill level 1 in Crossbows
  1195 | D:2      | Reached skill level 1 in Stealth
  1195 | D:2      | Reached skill level 1 in Shields
  1195 | D:2      | Reached skill level 1 in Unarmed Combat
  1195 | D:2      | Reached skill level 1 in Evocations
  1205 | D:2      | Reached XP level 4. HP: 22/38 MP: 11/11
  1892 | D:3      | Noticed Natasha
  1907 | D:3      | Slain by Natasha

Illustrated notes

Levels and vault maps discovered:
D:1:      minmay_arrival_glassed_features, layout_basic,
          hellmonk_ecumenical_altar_leap_of_faith, minivault_14
D:2:      layout_rooms, minmay_unequal
D:3:      layout_loops_corners, overflow_temple_1_default,
          makhleb_altar_promises_db, uniq_natasha, uniq_crazy_yiuf_cottage,
          uniq_sigmund

Skill      XL: |  1  2  3 |
---------------+----------+-----
Spellcasting   | 5 |  5.0
Invocations    | 1 |  1.2
Short Blades   | 1 |  1.1
Long Blades    | 1 |  1.1
Axes           | 1 |  1.1
Maces & Flails | 1 |  1.1
Staves         | 1 |  1.1
Slings         | 1 |  1.1
Bows           | 1 |  1.1
Crossbows      | 1 |  1.1
Stealth        | 1 |  1.1
Shields        | 1 |  1.1
Unarmed Combat | 1 |  1.1
Evocations     | 1 |  1.1
Fighting       | |  4.6
Polearms       | |  4.6
Throwing       | |  2.7
Armour         | |  2.7
Dodging        | |  4.6
Conjurations   | |  0.8
Hexes          | |  0.8
Summonings     | |  0.8
Necromancy     | |  0.8
Translocations | |  5.4
Transmutations | |  0.8
Fire Magic     | |  0.8
Ice Magic      | |  0.8
Air Magic      | |  0.8
Earth Magic    | |  0.8
Poison Magic   | |  0.8

Action                   |  1- 3 |  4- 6 || total
-------------------------+-------+-------++-------
Melee: Spear             |   134 |    58 ||   192
       Bite              |    11 |     6 ||    17
       Punch             |       |     1 ||     1
 Stab: Sleeping          |     1 |     3 ||     4
Armor: Leather armour    |    19 |     9 ||    28
Dodge: Dodged            |    79 |    32 ||   111
